 Dungeon Crawl Stone Soup version 0.26-a0-244-g083ca260ac (webtiles) character file.

Game seed: 17333027510496403025

495 BritishOli the Skirmisher (level 6, -4/49 HPs)
             Began as a Demonspawn Fighter on July 8, 2020.
             Slain by a mummy (6 damage)
             ... in an ossuary.
             The game lasted 00:07:35 (4138 turns).

BritishOli the Skirmisher (Demonspawn Fighter)      Turns: 4138, Time: 00:07:36

Health: -4/49      AC: 10    Str: 18    XL:     6   Next: 92%
Magic:  4/6        EV:  7    Int:  9    God:
Gold:   168        SH:  9    Dex: 13    Spells: 5/5 levels left

rFire    . . .     SeeInvis .   a - +1 long sword
rCold    + . .     Faith    .   c - +0 kite shield
rNeg     . . .     Spirit   .   b - +0 scale mail
rPois    .         Reflect  .   (helmet restricted)
rElec    .         Harm     .   g - +0 cloak
rCorr    .                      (no gloves)
MR       .....                  (no boots)
Stlth    ..........             (no amulet)
HPRegen  0.16/turn              h - ring of protection from cold
MPRegen  0.10/turn              (no ring)

@: very slightly contaminated
A: horns 2, icy blue scales 1, powered by death 1
a: no special abilities


You were in an ossuary.
You were not hungry.

You visited 1 branch of the dungeon, and saw 5 of its levels.
You also visited: Sewer and Ossuary.

You collected 168 gold pieces.

Inventory:

Hand Weapons
 a - a +1 long sword (weapon)
Armour
 b - a +0 scale mail (worn)
 c - a +0 kite shield (worn)
 g - a +0 cloak (worn)
 t - a +0 plate armour
Jewellery
 h - a ring of protection from cold (left hand)
 l - an uncursed amulet of magic regeneration
 s - an uncursed amulet of guardian spirit
 y - the amulet of the Hungering Madman {Faith Str+4 SInv, unknown}
   (You found it on level 4 of the Dungeon)

   [amulet of faith]

   It allows you to gain divine favour quickly.
   It affects your strength (+4).
   It lets you see invisible.
Wands
 C - a wand of iceblast (11)
Scrolls
 j - a scroll of fog
 n - a scroll of enchant armour
 o - 2 scrolls of remove curse
 w - a scroll of amnesia
 x - a scroll of identify
Potions
 d - a potion of might
 e - 3 potions of heal wounds
 i - 2 potions of flight
 k - a potion of mutation {unknown}
 m - 5 potions of curing {unknown}
 p - a potion of resistance {unknown}
 q - 2 potions of magic
 r - a potion of haste {unknown}
 u - a potion of degeneration {unknown}
 z - 2 potions of brilliance {unknown}
Comestibles
 f - 10 rations


   Skills:
 + Level 4.7 Fighting
 + Level 3.7 Long Blades
 + Level 4.2 Armour
 + Level 4.2 Shields


You had 5 spell levels left.
You didn't know any spells.
Your spell library contained the following spells:

 Spells                   Type           Power        Failure   Level
 Beastly Appendage        Tmut           #.....       99%         1
 Shock                    Conj/Air       #...         99%         1
 Sticks to Snakes         Tmut           #.......     100%        2
 Swiftness                Chrm/Air       #.......     100%        2
 Spider Form              Tmut/Pois      #.........   100%        3
 Static Discharge         Conj/Air       #.......     100%        3
 Airstrike                Air            #.........   100%        4
 Ice Form                 Ice/Tmut       #.......     100%        4
 Blade Hands              Tmut           #.........   100%        5
 Lightning Bolt           Conj/Air       #.........   100%        5


Dungeon Overview and Level Annotations

Branches:
Dungeon (5/15)              Sewer (visited)         Ossuary (1/1)
 Temple: D:4-7

Altars:
Cheibriados
Elyvilon
Nemelex Xobeh
Qazlal
Trog
Yredelemnul


Innate Abilities, Weirdness & Mutations

You have a pair of horns on your head.
You are partially covered in icy blue scales. (AC +2)
You regenerate a little health from kills.


Message History

Okay, then.
Keep disrobing?
You start removing your amulet.
You continue taking off your amulet of guardian spirit. x4
The mummy hits you!
You finish taking off your amulet of guardian spirit.
Unknown command.
Keep equipping yourself? [Y]es or [N]o only, please.
Keep equipping yourself?
You start putting on your amulet.
You continue putting on your heavily runed tin amulet.
The mummy hits you.
* * * LOW HITPOINT WARNING * * *
You continue putting on your heavily runed tin amulet.
The mummy closely misses you. The mummy hits you!
* * * LOW HITPOINT WARNING * * *
You continue putting on your heavily runed tin amulet.
The mummy hits you.
You die...

##......
##...... ###
#......##..## ..
#.....##....##..
#....Z..........
#.Z.M..........
##MM...........
#M##........#
#@M##ZM....##
#....##.Z..##
#......#....#
#$??....#.Z..#
#$!!....#....#
#$$?....#....#
##$.!...#....#
#$$?..##....#
#....#


You could see 5 mummies, a hobgoblin zombie and a gnoll zombie.

Vanquished Creatures
  A big kobold (Sewer)
  A scorpion (D:5)
  A hound (D:4)
  4 orc wizards (D:4)
  A bullfrog skeleton (D:4)
  A centaur skeleton (D:4)
  A worker ant (D:4)
  3 adders
  A river rat (Sewer)
  5 oozes
  2 dart slugs
  5 leopard geckos
  7 orcs
  A giant cockroach (D:3)
  9 goblins
  9 hobgoblins
  2 jackals (D:3)
  8 kobolds
  2 quokkas (D:3)
  4 bats
  8 frilled lizards
  2 gnoll zombies (Ossuary)
  2 hobgoblin zombies (Ossuary)
  8 rats
88 creatures vanquished.

Notes
Turn   | Place    | Note
-------+----------+-------------------------------------------
     0 | D:1      | BritishOli the Demonspawn Fighter began the quest for the
                  | Orb.
     0 | D:1      | Reached XP level 1. HP: 18/18 MP: 1/1
   180 | D:1      | Gained mutation: You regenerate a little health from kills.
                  | [demonic ancestry]
   180 | D:1      | Reached XP level 2. HP: 24/24 MP: 2/2
  1149 | D:2      | Gained mutation: You have a pair of small horns on your
                  | head. [demonic ancestry]
  1149 | D:2      | Reached XP level 3. HP: 29/29 MP: 3/3
  1578 | D:2      | Found a sparkling altar of Nemelex Xobeh.
  2126 | D:3      | Found a glowing drain.
  2135 | Sewer    | Entered a sewer
  2145 | Sewer    | Gained mutation: You are partially covered in icy blue
                  | scales. (AC +2) [demonic ancestry]
  2145 | Sewer    | Reached XP level 4. HP: 25/36 MP: 4/4
  2199 | Sewer    | Noticed a big kobold
  2239 | Sewer    | Killed a big kobold
  2239 | Sewer    | Gained mutation: You have a pair of horns on your head.
                  | [demonic ancestry]
  2239 | Sewer    | Reached XP level 5. HP: 38/42 MP: 5/5
  2285 | Sewer    | Found a white marble altar of Elyvilon.
  2419 | D:3      | Found a snail-covered altar of Cheibriados.
  2663 | D:3      | Found a bloodstained altar of Trog.
  2962 | D:4      | Reached XP level 6. HP: 29/48 MP: 4/6
  3242 | D:4      | Got a heavily runed tin amulet
  3363 | D:4      | Found a stormy altar of Qazlal.
  3672 | D:4      | Found a basalt altar of Yredelemnul.
  3757 | D:4      | Found a white marble altar of Elyvilon.
  3935 | D:5      | Entered Level 5 of the Dungeon
  3977 | D:5      | Noticed an ice beast
  4069 | D:5      | Found a sand-covered staircase.
  4075 | Ossuary  | Entered an ossuary
  4137 | Ossuary  | HP: 2/49 [mummy (7)]
  4138 | Ossuary  | Slain by a mummy

Illustrated notes

Levels and vault maps discovered:
D:1:      dpeg_arrival_morbid_curiosity, layout_basic
D:2:      layout_basic, nemelex_altar_shiori
D:3:      layout_loops_ring, marbit_many_paths, old_standard_altar,
          portal_sewer_entry_d
D:4:      layout_cave_pods, kennysheep_ying_yang,
          nicolae_overflow_crystal_walls, first_ration, hangedman_decor_lopped
D:5:      layout_gridville, nicolae_ru_great_annihilating_truth,
          gammafunk_temple_overflow_elements, gup_ossuary_entry_pyramid,
          ebering_dispersal_statue_hall, hangedman_abyss_or_decor_passed,
          uniq_pikel, uniq_edmund
Ossuary:  ossuary_tomb_3

Skill      XL: |  1  2  3  4  5  6 |
---------------+-------------------+-----
Long Blades    | 2 3 |  3.7
Armour         | 3 4 |  4.2
Shields        | 3 4 |  4.2
Fighting       | 4 |  4.7

Action                   |  1- 3 |  4- 6 || total
-------------------------+-------+-------++-------
Melee: Long sword        |   131 |   192 ||   323
       Headbutt          |     7 |    40 ||    47
  Use: Scroll            |       |     9 ||     9
       Potion            |       |     2 ||     2
  Eat: Ration            |     1 |     2 ||     3
Armor: Scale mail        |    62 |    97 ||   159
Dodge: Dodged            |    41 |    51 ||    92
Block: Kite shield       |    76 |    83 ||   159
       Rpst.: Long sword |    13 |    17 ||    30

Table legend:
 A = Non-vault XP
 B = Vault XP
 C = Vault XP percentage of total XP
 D = Non-vault monster count
 E = Vault monster count
 F = Vault count percentage of total count
                 A         B        C        D         E       F
            +---------+---------+-------+---------+---------+-------
      Total |     547 |     161 |  22.7 |      68 |      20 |  22.7
            +---------+---------+-------+---------+---------+-------
        D:1 |      22 |      10 |  31.2 |      12 |       5 |  29.4
        D:2 |      18 |       0 |   0.0 |      11 |       0 |   0.0
        D:3 |      65 |      21 |  24.4 |      24 |       2 |   7.7
        D:4 |     372 |       0 |   0.0 |      20 |       0 |   0.0
        D:5 |      70 |       0 |   0.0 |       1 |       0 |   0.0
      Sewer |       0 |     125 | 100.0 |       0 |       9 | 100.0
    Ossuary |       0 |       5 | 100.0 |       0 |       4 | 100.0
            +---------+---------+-------+---------+---------+-------
